 Dungeon Crawl Stone Soup version 0.23.2 (webtiles) character file.

Game seed: 4288913203229496274

107 Borgoz the Sneak (level 4, -1/37 HPs)
             Began as a Ghoul Assassin on Apr 5, 2019.
             Slain by a big kobold
             ... wielding a +0 whip
              (4 damage)
             ... in a sewer.
             The game lasted 00:04:43 (2391 turns).

Borgoz the Sneak (Ghoul Assassin)                   Turns: 2391, Time: 00:04:43

Health: -1/37      AC:  7    Str: 14    XL:     4   Next: 85%
Magic:  3/3        EV:  9    Int:  6    God:
Gold:   69         SH:  0    Dex: 11    Spells: 3/3 levels left

rFire    . . .     SeeInvis .   a - +2 dagger
rCold    + . .     Gourm    .   (no shield)
rNeg     + + +     Faith    .   p - +0 scale mail
rPois    ∞         Spirit   .   (no helmet)
rElec    .         Reflect  .   d - +0 cloak
rCorr    .         Harm     .   (no gloves)
MR       .....                  (no boots)
Stlth    +.........             (no amulet)
HPRegen  0.00/turn              (no ring)
MPRegen  0.08/turn              (no ring)

@: rotting
A: rotting body, claws 1, carnivore, cold resistance 1, negative energy
resistance 3, inhibited regeneration, torment resistance, unbreathing
a: no special abilities


You were in a sewer.
You were not hungry.

You visited 1 branch of the dungeon, and saw 3 of its levels.
You also visited: Sewer.

You collected 69 gold pieces.

Inventory:

Hand Weapons
 a - a +2 dagger (weapon)
 b - a +0 blowgun
Missiles
 e - 8 poisoned needles
 f - 2 curare-tipped needles
Armour
 d - a +0 cloak (worn)
 p - a +0 scale mail (worn)
Scrolls
 h - a scroll of fog {unknown}
 i - a scroll of remove curse {unknown}
 k - a scroll of noise {unknown}
 l - a scroll of fear {unknown}
 n - 2 scrolls of identify {unknown}
 o - 2 scrolls of teleportation {unknown}
 q - a scroll of immolation {unknown}
Potions
 j - a potion of curing {unknown}
 m - a potion of brilliance {unknown}
 r - a potion of mutation {unknown}
Comestibles
 g - 6 rations


   Skills:
 + Level 2.6 Fighting
 * Level 2.6 Short Blades
 - Level 1.7 Throwing
 * Level 1.7 Armour
 * Level 2.0 Dodging
 + Level 4.8 Stealth


You had 3 spell levels left.
You didn't know any spells.
Your spell library was empty.

Dungeon Overview and Level Annotations

Branches:
Dungeon (3/15)

Altars:
Okawaru

Annotations:
Sewer Grinder


Innate Abilities, Weirdness & Mutations

Your body is rotting away.
You thrive on raw meat.
You are immune to poison.
You have sharp fingernails.
You are carnivorous and can eat meat at any time.
Your flesh is cold resistant. (rC+)
You are immune to negative energy. (rN+++)
You do not regenerate when monsters are visible.
You are immune to unholy pain and torment.
You can survive without breathing.


Message History

The big kobold is heavily wounded.
The big kobold barely misses you.
You hit the big kobold but do no damage.
The big kobold is heavily wounded.
The big kobold barely misses you.
You closely miss the big kobold.
The big kobold is heavily wounded.
The big kobold hits you with a +0 whip!
* * * LOW HITPOINT WARNING * * *
You hit the big kobold but do no damage.
The big kobold is heavily wounded.
The big kobold hits you but does no damage.
You hit the big kobold but do no damage.
The big kobold is heavily wounded.
The big kobold hits you with a +0 whip.
* * * LOW HITPOINT WARNING * * *
Your scale mail prevents you from hitting the big kobold.
The big kobold is heavily wounded.
The big kobold hits you with a +0 whip.
You die...

#≈≈≈≈≈≈#...≈≈≈≈≈≈ #≈≈≈#
#≈≈≈≈≈≈≈...≈≈≈≈≈≈ #≈≈≈#
#≈≈≈≈≈≈#.K.#≈≈≈≈≈ #≈≈≈#
#≈≈≈≈≈≈#...≈≈≈≈≈≈ #≈≈≈#
#≈≈≈≈≈≈≈...#≈≈≈≈≈ #≈≈≈#
#≈≈≈≈≈≈#...#≈≈≈≈≈ #≈≈≈#
#≈≈≈≈≈≈#...# ≈≈≈≈ #≈≈≈#
#≈≈≈≈≈≈##K##########≈##
#≈≈≈≈≈≈#.KK@..........#
#≈≈≈≈≈≈≈≈≈≈≈≈≈≈≈≈.≈≈≈.#
#≈≈≈≈.≈#≈≈≈≈≈≈≈≈≈≈≈≈≈.#
###################≈≈.#
#≈≈.# #≈≈.# #≈(.# #≈≈.#
#≈≈.#


You could see a big kobold and 2 kobolds.

Vanquished Creatures
  An adder (D:3)
  A shadow imp (Sewer)
  2 ufetubi (Sewer)
  An ooze (Sewer)
  An adder zombie (Sewer)
  3 dart slugs
  4 leopard geckos
  3 ball pythons
  4 bats
  4 giant cockroaches
  A goblin (D:2)
  3 hobgoblins
  8 jackals
  13 kobolds
  5 frilled lizards
  2 kobold zombies (Sewer)
  7 rats
63 creatures vanquished.

Notes
Turn   | Place    | Note
-------+----------+-------------------------------------------
     0 | D:1      | Borgoz the Ghoul Assassin began the quest for the Orb.
     0 | D:1      | Reached XP level 1. HP: 17/17 MP: 0/0
    26 | D:1      | Found an iron altar of Okawaru.
    46 | D:1      | Reached skill level 1 in Dodging
    66 | D:1      | Reached XP level 2. HP: 4/24 MP: 1/1
   454 | D:1      | Reached skill level 1 in Armour
   652 | D:1      | Reached XP level 3. HP: 18/30 MP: 2/2
  1781 | D:2      | Reached XP level 4. HP: 26/37 MP: 3/3
  1854 | D:3      | Found a glowing drain.
  1902 | Sewer    | Entered a sewer
  2315 | Sewer    | Noticed a big kobold
  2317 | Sewer    | Noticed a necrophage
  2336 | Sewer    | Noticed Grinder
  2391 | Sewer    | Slain by a big kobold

Skill      XL: |  1  2  3  4 |
---------------+-------------+-----
Dodging        | 1 2 |  2.0
Short Blades   | 2 |  2.6
Armour         | 1 |  1.7
Fighting       | |  2.6
Throwing       | |  1.7
Stealth        | |  4.8

Action                   |  1- 3 |  4- 6 || total
-------------------------+-------+-------++-------
Melee: Dagger            |   159 |   159 ||   318
  Use: Potion            |       |     1 ||     1
 Stab: Sleeping          |     2 |     2 ||     4
  Eat: Chunk             |     6 |     2 ||     8
Armor: Robe              |    17 |       ||    17
       Scale mail        |    24 |    92 ||   116
       Ring mail         |     8 |       ||     8
Dodge: Dodged            |    88 |    80 ||   168
